 Dungeon Crawl Stone Soup version 0.23.2-1-ga50397a6bc (webtiles) character file.

Game seed: 2059579246196466089

99 NochnoyZador the Magician (level 4, -5/23 HPs)
             Began as a Vine Stalker Warper on May 4, 2019.
             Slain by an orc
             ... wielding a +0 flail
              (8 damage)
             ... on level 3 of the Dungeon.
             The game lasted 00:09:19 (2248 turns).

NochnoyZador the Magician (Vine Stalker Warper)     Turns: 2248, Time: 00:09:20

Health: -5/23      AC:  3    Str: 13    XL:     4   Next: 72%
Magic:  0/11       EV: 12    Int: 14    God:
Gold:   162        SH:  0    Dex: 14    Spells: 4/11 levels left

rFire    . . .     SeeInvis .   a - +0 mace
rCold    . . .     Gourm    .   (no shield)
rNeg     . . .     Faith    .   b - +0 leather armour
rPois    .         Spirit   +   (no helmet)
rElec    .         Reflect  .   (no cloak)
rCorr    .         Harm     .   (no gloves)
MR       .....                  (no boots)
Stlth    +.........             (no amulet)
HPRegen  0.47/turn              (no ring)
MPRegen  0.12/turn              (no ring)

@: no status effects
A: fangs 2, regeneration 1, magic shield, antimagic bite, no potion heal 3, rot
immunity
a: no special abilities


You were on level 3 of the Dungeon.
You were not hungry.

You visited 1 branch of the dungeon, and saw 3 of its levels.

You collected 162 gold pieces.

Inventory:

Hand Weapons
 a - a +0 mace (weapon)
Missiles
 k - 35 stones (quivered)
Armour
 b - a +0 leather armour (worn)
 i - a +0 buckler
Jewellery
 s - a +3 amulet of reflection {unknown}
Scrolls
 c - 2 scrolls of amnesia {unknown}
 d - a scroll of blinking
 g - a scroll of fear {unknown}
 h - 3 scrolls of identify {unknown}
 l - 4 scrolls of magic mapping {unknown}
 o - 2 scrolls of teleportation {unknown}
Potions
 e - a potion of degeneration {unknown}
 j - a potion of mutation {unknown}
 m - a potion of flight {unknown}
 n - 2 potions of might {unknown}
 p - a potion of curing {unknown}
 q - 2 potions of brilliance {unknown}
 r - a potion of lignification {unknown}
Comestibles
 f - 7 rations
 t - 2 chunks of flesh


   Skills:
 - Level 1.7 Fighting
 - Level 1.7 Maces & Flails
 - Level 0.8 Throwing
 - Level 0.7 Armour
 - Level 1.5 Dodging
 + Level 4.0 Spellcasting
 + Level 4.0 Translocations


You had 4 spell levels left.
You knew the following spells:

 Your Spells              Type           Power        Failure   Level  Hunger
a - Shroud of Golubria    Chrm/Tloc      #.........   16%         2    ##.....
b - Blink                 Tloc           N/A          7%          2    ##.....
c - Gell's Gravitas       Tloc           ##........   14%         3    ###....

Your spell library contained the following spells:

 Spells                   Type           Power        Failure   Level  Hunger
 Lesser Beckoning         Tloc           ##........   14%         3    ###....
 Teleport Other           Tloc           ##......     14%         3    ###....
 Passage of Golubria      Tloc           N/A          41%         4    ####...


Dungeon Overview and Level Annotations

Branches:
Dungeon (3/15)

Altars:
Ashenzari
Hepliaklqana
Okawaru


Innate Abilities, Weirdness & Mutations

You have extremely sharp teeth.
Your natural rate of healing is unusually fast.
When hurt, damage is shared between your health and your magic reserves.
Your bite disrupts and absorbs the magic of your enemies.
Potions cannot restore your health.
You are immune to rotting.


Message History

The orc misses you. The orc hits you with a +0 flail!
* * * LOW HITPOINT WARNING * * *
Your shroud falls apart!
You sock the orc!
You kill the orc!
The orc hits you with a +0 flail.
* * * LOW HITPOINT WARNING * * *
Casting: Shroud of Golubria (safe; 16% risk of failure)
Confirm with . or Enter, or press ? or * to list all spells.
You don't have enough magic to cast that spell.
Items here: ( )) †† a +0 hand axe; a tomahawk; a cursed -2 flail; an orc corpse x2
You barely miss the orc. Your bite misses the orc.
The orc is moderately wounded.
The orc hits you with a +0 flail.
* * * LOW HITPOINT WARNING * * *
You barely miss the orc.
The orc is moderately wounded.
The orc hits you with a +0 flail!
You die...

#.#<#...#.# .## ..#
#.......#.### ...
... ###.#...#...#
.).$ ..#
...#######.#
.._..##.# ##### #.#
.).).#..# #.#
..).....# #######
#.# #..).# #.....#
#.# #@# #.....# #.#
##o# #...(.# #<#
#.(# #.....## #.#
#.######.).)..###..
#.#........##....>#
#.#.####...##.##..#
#.#.####..........#
#.#.##.............
#.#...........#....


You could see an orc.

Vanquished Creatures
  A bullfrog skeleton (D:3)
  An orc wizard (D:3)
  A worm (D:2)
  3 dart slugs
  3 orcs (D:3)
  2 giant cockroaches (D:1)
  2 goblins (D:1)
  2 hobgoblins (D:1)
  9 jackals
  5 bats
  2 frilled lizards
  2 kobolds
  4 rats
37 creatures vanquished.

Notes
Turn   | Place    | Note
-------+----------+-------------------------------------------
     0 | D:1      | NochnoyZador the Vine Stalker Warper began the quest for
                  | the Orb.
     0 | D:1      | Reached XP level 1. HP: 11/11 MP: 4/4
    25 | D:1      | Reached XP level 2. HP: 6/15 MP: 3/6
    30 | D:1      | Learned a level 2 spell: Shroud of Golubria
    33 | D:1      | Learned a level 2 spell: Blink
  1073 | D:1      | Reached XP level 3. HP: 18/18 MP: 8/8
  1087 | D:1      | Learned a level 3 spell: Gell's Gravitas
  1420 | D:2      | Found a hazy altar of Hepliaklqana.
  1662 | D:2      | Found a shattered altar of Ashenzari.
  2155 | D:3      | Gained mutation: Your natural rate of healing is unusually
                  | fast. [Vine Stalker growth]
  2155 | D:3      | Reached XP level 4. HP: 15/23 MP: 6/10
  2214 | D:3      | Found an iron altar of Okawaru.
  2248 | D:3      | Slain by an orc

Skill      XL: |  1  2  3  4 |
---------------+-------------+-----
Spellcasting   | 3 4 |  4.0
Translocations | 4 |  4.0
Fighting       | |  1.7
Maces & Flails | |  1.7
Throwing       | |  0.8
Armour         | |  0.7
Dodging        | |  1.5

Action                   |  1- 3 |  4- 6 || total
-------------------------+-------+-------++-------
Melee: Mace              |    89 |    27 ||   116
       Bite              |    13 |     6 ||    19
Throw: Tomahawk          |     5 |       ||     5
       Stone             |     2 |       ||     2
 Cast: Blink             |     2 |       ||     2
       Shroud of Golubri |     1 |     2 ||     3
       Gell's Gravitas   |       |     1 ||     1
 Stab: Sleeping          |     1 |       ||     1
  Eat: Chunk             |     3 |       ||     3
       Ration            |     1 |       ||     1
Armor: Leather armour    |    35 |     5 ||    40
Dodge: Dodged            |    90 |    23 ||   113
